 Dungeon Crawl Stone Soup version 0.22-a0-404-g35e51767bf (webtiles) character file.

1234 RedPan the Cudgeler (level 8, -1/62 HPs)
             Began as a Demonspawn Monk on May 8, 2018.
             Killed by divine providence
             ... invoked by an orc priest
              (9 damage)
             ... on level 5 of the Dungeon.
             The game lasted 00:16:45 (5606 turns).

RedPan the Cudgeler (Demonspawn Monk)               Turns: 5606, Time: 00:16:46

Health: -1/62      AC: 10    Str: 15    XL:     8   Next: 24%
Magic:  8/8        EV: 17    Int: 11    God:
Gold:   259        SH:  0    Dex: 15    Spells: 7/7 levels left

rFire    + . .     SeeInvis .   o - +0 whip
rCold    + + +     Gourm    .   (no shield)
rNeg     . . .     Faith    .   v - +2 ring mail {rC+}
rPois    +         Spirit   .   j - +0 helmet
rElec    +         Reflect  .   p - +0 cloak
rCorr    +         Harm     .   r - +0 pair of gloves
MR       .....                  (no boots)
Stlth    +.........             (no amulet)
HPRegen  0.20/turn              f - +3 ring of evasion
MPRegen  0.11/turn              (no ring)

@: resistant
A: talons 2, cold resistance 1, foul stench 1, rot immunity, freezing cloud
immunity, sturdy frame 1
a: no special abilities


You were on level 5 of the Dungeon.
You were hungry.

You visited 1 branch of the dungeon, and saw 5 of its levels.

You collected 259 gold pieces.

Inventory:

Hand Weapons
 a - a +0 mace
 o - a +0 whip (weapon)
Armour
 b - a scarf of spirit shield
 j - a +0 helmet (worn)
 p - a +0 cloak (worn)
 r - a +0 pair of gloves (worn)
 v - a +2 ring mail of cold resistance (worn)
Jewellery
 f - a +3 ring of evasion (left hand)
Wands
 q - a wand of flame (15)
 t - a wand of polymorph (8)
Scrolls
 g - a scroll of blinking
 k - 2 scrolls of identify
 m - a scroll of teleportation
 n - 3 scrolls of remove curse
 s - a scroll of fog
 u - 2 scrolls of torment {unknown}
Potions
 d - a potion of flight
 e - 2 potions of magic
 l - a potion of mutation
Comestibles
 c - 12 rations


   Skills:
 - Level 5.0 Fighting
 * Level 7.0 Maces & Flails
 + Level 2.4 Armour
 + Level 5.2 Dodging
 - Level 1.7 Stealth


You had 7 spell levels left.
You didn't know any spells.

Dungeon Overview and Level Annotations

Branches:
Dungeon (5/15)
 Temple: D:4-7

Altars:
Makhleb
Qazlal
Zin


Innate Abilities, Weirdness & Mutations

You have razor-sharp toenails.
Your flesh is cold resistant. (rC+)
You may emit foul miasma when damaged in melee.
You are immune to rotting.
You are immune to freezing clouds.
Your movements are slightly less encumbered by armour. (ER -2)


Message History

The orc priest hits you from afar with a trident.
* * * LOW HITPOINT WARNING * * *
You hit the iguana but do no damage.
You kill the iguana!
Your Maces & Flails skill increases to level 7!
You hit the orc priest.
You claw the orc priest, but do no damage.
The orc priest is moderately wounded.
The orc priest calls upon Beogh to heal the orc priest.
The orc priest's wounds heal themselves!
The orc priest completely misses you.
You hit the orc priest. You claw the orc priest.
The orc priest is moderately wounded.
The orc priest invokes the aid of Beogh against you.
Beogh smites you!
* * * LOW HITPOINT WARNING * * *
You feel better. The orc priest completely misses you.
The orc priest mumbles some strange prayers to Beogh against you.
Beogh smites you!
You die...

#..................
#..................
#..................
#....##############
#....##...##.....##
#....##............
#..................
#..................
#.@..#######.......
#o#### #.......
#.o. #....... #...o
#.....## #.....
#.....## #....oo
####+### #....... .
#......l. . .


You could see 2 orc priests.

Vanquished Creatures
  The ghost of Banto the Covert, a novice OpEE of Vehumet (D:5)
  Grinder (D:3)
  A sky beast (D:5)
  A phantom (D:5)
  2 crimson imps
  2 orc priests
  6 orc wizards
  A bullfrog skeleton (D:5)
  A centaur skeleton (D:4)
  An iguana (D:5)
  Ijyb (D:4)
  Terence (D:3)
  Robin (D:3)
  3 adders
  A shadow imp (D:4)
  An ooze (D:1)
  2 adder skeletons
  5 worms
  3 dart slugs
  5 leopard geckos
  10 orcs
  7 giant cockroaches
  16 goblins
  11 hobgoblins
  14 jackals
  4 quokkas
  5 bats
  17 frilled lizards
  7 kobolds
  A quokka zombie (D:5)
  4 rats
136 creatures vanquished.

Notes
Turn   | Place    | Note
-------+----------+-------------------------------------------
     0 | D:1      | RedPan the Demonspawn Monk began the quest for the Orb.
     0 | D:1      | Reached XP level 1. HP: 18/18 MP: 1/1
   136 | D:1      | Reached skill level 3 in Maces & Flails
   136 | D:1      | Gained mutation: Your flesh is cold resistant. (rC+) [demonic ancestry]
   136 | D:1      | Reached XP level 2. HP: 9/24 MP: 2/2
   702 | D:1      | Gained mutation: You have sharp toenails. [demonic ancestry]
   702 | D:1      | Reached XP level 3. HP: 28/29 MP: 3/3
  2231 | D:2      | Gained mutation: Your movements are slightly less encumbered by armour. (ER -2) [demonic ancestry]
  2231 | D:2      | Reached XP level 4. HP: 35/35 MP: 4/4
  2729 | D:3      | Reached skill level 4 in Maces & Flails
  2780 | D:3      | Noticed Grinder
  2787 | D:3      | Paralysed by Grinder for 5 turns
  2807 | D:3      | Killed Grinder
  2807 | D:3      | Gained mutation: You are immune to rotting. [demonic ancestry]
  2807 | D:3      | Reached XP level 5. HP: 21/42 MP: 1/5
  2807 | D:3      | Gained mutation: You may emit foul miasma when damaged in melee. [demonic ancestry]
  2807 | D:3      | Reached XP level 6. HP: 24/48 MP: 1/6
  2995 | D:3      | Reached skill level 5 in Maces & Flails
  3156 | D:3      | Noticed Terence
  3204 | D:3      | Killed Terence
  3673 | D:3      | Found a burning altar of Makhleb.
  3673 | D:3      | Found a stormy altar of Qazlal.
  3674 | D:3      | Found a glowing silver altar of Zin.
  3725 | D:3      | Noticed Robin
  3744 | D:3      | Killed Robin
  3915 | D:3      | Gained mutation: You have razor-sharp toenails. [demonic ancestry]
  3915 | D:3      | Reached XP level 7. HP: 42/55 MP: 5/7
  4432 | D:4      | Noticed Ijyb
  4461 | D:4      | Killed Ijyb
  4753 | D:5      | Entered Level 5 of the Dungeon
  4822 | D:5      | Reached skill level 5 in Fighting
  4909 | D:4      | Reached skill level 6 in Maces & Flails
  4983 | D:5      | Noticed Banto's ghost (novice OpEE)
  4993 | D:5      | Killed Banto's ghost
  4993 | D:5      | Reached skill level 1 in Armour
  5069 | D:5      | Gained mutation: You are immune to freezing clouds. [demonic ancestry]
  5069 | D:5      | Reached XP level 8. HP: 45/62 MP: 8/8
  5301 | D:5      | Reached skill level 5 in Dodging
  5603 | D:5      | Reached skill level 7 in Maces & Flails
  5605 | D:5      | HP: 3/62 [orc priest/divine providence (15)]
  5606 | D:5      | Killed from afar by an orc priest

Vault maps used:
D:1:      dpeg_arrival_rooms_with_view
D:3:      cheibrodos_pilgrimage, gammafunk_temple_overflow_claw,
          minmay_lizard_king, uniq_grinder, uniq_terence, uniq_robin
D:4:      minmay_diamond_boxcup, first_ration, uniq_ijyb

Skill      XL: |  1  2  3  4  5  6  7  8 |
---------------+-------------------------+-----
Maces & Flails | 3 4 5 6 7 |  7.0
Dodging        | 3 4 5 |  5.2
Fighting       | 4 5 |  5.0
Armour         | 1 2 |  2.4
Stealth        | |  1.7

Action                   |  1- 3 |  4- 6 |  7- 9 || total
-------------------------+-------+-------+-------++-------
Melee: Mace              |   144 |    97 |       ||   241
       Kick              |    14 |    74 |    91 ||   179
       Whip              |       |   181 |   260 ||   441
  Use: Scroll            |     4 |     6 |     4 ||    14
       Potion            |       |     1 |     2 ||     3
 Stab: Sleeping          |     9 |       |     3 ||    12
       Distracted        |     1 |       |       ||     1
  Eat: Chunk             |     4 |     6 |     5 ||    15
Armor: Robe              |    23 |       |       ||    23
       Scale mail        |       |    74 |    16 ||    90
       Ring mail         |       |       |    57 ||    57
Dodge: Dodged            |   107 |   179 |   117 ||   403

Table legend:
 A = Spawn XP
 B = Non-spawn XP
 C = Spawn XP percentage of total XP
 D = Spawn monster count
 E = Non-spawn monster count
 F = Spawn count percentage of total count
 G = Total turns spent on level
                    A         B        C        D         E        F      G
               +---------+---------+-------+---------+---------+-------+---------
         Total |       0 |    1763 |   0.0 |       0 |     136 |   0.0 |  5606
               +---------+---------+-------+---------+---------+-------+---------
           D:1 |       0 |      66 |   0.0 |       0 |      35 |   0.0 |  1477
           D:2 |       0 |      47 |   0.0 |       0 |      17 |   0.0 |  1173
           D:3 |       0 |     691 |   0.0 |       0 |      56 |   0.0 |  1620
           D:4 |       0 |     189 |   0.0 |       0 |      12 |   0.0 |   603
           D:5 |       0 |     770 |   0.0 |       0 |      16 |   0.0 |   733
               +---------+---------+-------+---------+---------+-------+---------
